Map: [ESL] Hecate

Players

MaxPax - Winner!

  • Race: Protoss Protoss
  • League: Grandmaster
  • Spawn Location: 1:00

LiquidMaNa (MaNa)

  • Race: Protoss Protoss
  • League: Grandmaster
  • Spawn Location: 7:00

VOD

Have the link to the VOD?

Description

Time

  • Played on: Nov. 21, 2023, 11:20 a.m.
  • Length: 5:38
Show
View Real Time Build Order
Export as new Build Order

MaxPax Protoss - Winner!

Build Orders: 1 Gate Expand, Proxy Void Ray 

Get SALT Encoding   

  12  0:00  Probe  
  13  0:12  Probe  
  14  0:19  Pylon  
  14  0:24  Probe (Chrono Boost)  
  15  0:37  Gateway, Probe (Chrono Boost)  
  16  0:45  Probe (Chrono Boost)  
  16  0:46  Assimilator  
  17  0:52  Probe  
  18  1:04  Probe  
  19  1:16  Probe  
  20  1:24  Nexus  
  20  1:34  Cybernetics Core  
  20  1:36  Probe  
  21  1:41  Assimilator  
  21  1:49  Probe  
  21  1:50  Pylon  
  22  2:01  Probe  
  23  2:07  Adept (Chrono Boost)  
  23  2:13  Probe  
  26  2:16  Stargate  
  26  2:25  Probe  
  27  2:30  Stalker  
  27  2:33  Shield Battery  
  29  2:37  Probe  
  29  2:40  Probe  
  31  2:49  Probe  
  32  2:56  Shield Battery  
  35  3:06  Void Ray (Chrono Boost)  
  35  3:09  Probe  
  37  3:12  Shield Battery  
  37  3:14  Shield Battery  
  36  3:21  Forge  
  33  3:38  Void Ray (Chrono Boost)  
  33  3:40  Probe  
  37  3:44  Probe  
  38  3:59  Photon Cannon  
  39  4:06  Void Ray (Chrono Boost)  
  39  4:08  Shield Battery  
  42  4:14  Pylon  
  42  4:20  Probe x2  
  44  4:27  Photon Cannon  
  41  4:42  Void Ray (Chrono Boost)  
  41  4:43  Probe  
  46  4:46  Probe  
  47  4:56  Probe  
  47  4:58  Probe, Pylon  
  47  5:08  Probe  
  47  5:10  Probe  
  49  5:19  Robotics Facility  
Show
View Real Time Build Order
Export as new Build Order

LiquidMaNa Protoss 

Build Orders: Blink Stalkers 

Get SALT Encoding   

  12  0:00  Probe  
  13  0:12  Probe  
  14  0:17  Pylon  
  14  0:24  Probe (Chrono Boost)  
  15  0:36  Probe (Chrono Boost)  
  15  0:37  Gateway  
  16  0:44  Probe (Chrono Boost)  
  16  0:46  Assimilator  
  17  0:51  Probe  
  17  0:56  Assimilator  
  18  1:03  Probe  
  19  1:07  Gateway  
  19  1:15  Probe  
  20  1:24  Cybernetics Core  
  20  1:27  Probe  
  21  1:37  Pylon  
  21  1:39  Probe  
  22  2:00  Robotics Facility  
  22  2:01  Adept x2  
  26  2:03  Warp Gate  
  26  2:25  Pylon  
  26  2:31  Stalker x2  
  30  2:44  Warp Prism (Chrono Boost)  
  31  2:56  Twilight Council  
  31  3:09  Gateway  
  32  3:20  Observer  
  32  3:28  Blink (Chrono Boost)  
  30  3:44  Gateway  
  30  3:52  Stalker x2  
  34  4:07  Stalker  
  34  4:09  Pylon  
  36  4:19  Observer  
  36  4:27  Stalker  
  36  4:28  Stalker  
  40  4:32  Stalker  
  42  4:47  Observer  
  36  4:58  Stalker x2  
  36  4:59  Stalker  
Tags
 
Add a new tag
Caveats
  • Supply blocks, unpowered buildings, or Contaminate may cause inaccurate times.
  • Supply counts are checked every 10 seconds.